 Dungeon Crawl Stone Soup version 0.17.1-2-g5865329 (webtiles) character file.

231 Lastar the Firebug (level 5, -4/41 HPs)
             Began as a Draconian Fire Elementalist on Feb 6, 2016.
             Slain by a fire bat (7 damage)
             ... on level 1 of the Abyss.
             The game lasted 00:59:55 (5751 turns).

Lastar the Firebug (Draconian Fire Elementalist)    Turns: 5751, Time: 00:59:55

Health: -4/41      AC:  6    Str: 10    XL:     5   Next: 73%
Magic:  9/19       EV: 12    Int: 17    God:
Gold:   165        SH:  0    Dex: 11    Spells: 2 memorised, 7 levels left

rFire  . . .     SeeInvis .     h - +1 mace
rCold  . . .     Clarity  .     (armour unavailable)
rNeg   + . .     SustAt   .     (no shield)
rPois  .         Gourm    +     (helmet restricted)
rElec  .         Spirit   .     (no cloak)
rCorr  .         Warding  .     (no gloves)
rMut   .         Stasis   .     (no boots)
MR     .....                    f - amulet of the gourmand
Stlth  ++........               (no ring)
                                x - ring of Jogosh {*Drain +Blink rN+ MP+9 AC+1}

@: not resistant to hostile enchantments, unstealthy
A: unfitting armour, cold-blooded, AC +5
a: Evoke Blink


You were on level 1 of the Abyss.
You were not hungry.

You visited 1 branch of the dungeon, and saw 4 of its levels.
You visited the Abyss 1 time.

You collected 165 gold pieces.

Inventory:

Hand Weapons
 e - a +0 club
 h - a +1 mace (weapon)
 i - a +0 dagger
 j - a +0 short sword
 q - a +0 spear
Missiles
 u - 13 silver bolts
 v - 24 arrows
 w - 4 poisoned javelins (quivered)
 y - 2 needles of paralysis
Jewellery
 f - an amulet of the gourmand (around neck)
 x - the ring of Jogosh (left hand) {*Drain +Blink rN+ MP+9 AC+1}
   (You found it on level 1 of the Abyss)

   [ring of protection]

   It affects your AC (+1).
   It protects you from negative energy.
   It affects your magic capacity (+9).
   It lets you blink.
   It causes draining when unequipped.
Scrolls
 b - a scroll of fear {unknown}
 c - 2 scrolls of identify
 d - a scroll of remove curse
 k - a scroll of noise {unknown}
Potions
 g - 2 potions of brilliance
 m - a potion of curing {unknown}
 p - a potion of agility {unknown}
 r - a potion of berserk rage {unknown}
 t - a potion of poison {unknown}
Books
 a - a book of Flames

   Spells                             Type                      Level
   a - Flame Tongue                   Conjuration/Fire             1
   b - Throw Flame                    Conjuration/Fire             2
   c - Conjure Flame                  Conjuration/Fire             3
   d - Inner Flame                    Hexes/Fire                   3
   e - Sticky Flame                   Conjuration/Fire             4
   f - Fireball                       Conjuration/Fire             5
Comestibles
 l - a meat ration
 n - a beef jerky
 o - a slice of pizza
 s - a bread ration


   Skills:
 * Level 2.1 Fighting
 - Level 1.8 Dodging
 - Level 1.8 Stealth
 - Level 0.4 Unarmed Combat
 * Level 3.3 Spellcasting
 * Level 2.6 Conjurations
 * Level 4.3 Fire Magic


You had 7 spell levels left.
You knew the following spells:

 Your Spells              Type           Power        Failure   Level  Hunger
a - Flame Tongue          Conj/Fire      ##...        4%          1    None
b - Throw Flame           Conj/Fire      ##....       10%         2    ##.....


Dungeon Overview and Level Annotations

Branches:
Dungeon (4/15)
 Temple: D:4-7

Altars:
Fedhas

Annotations:
D:4 Crazy Yiuf; cada's ghost, novice FoFi


Innate Abilities, Weirdness & Mutations

Your plain brown scales are hard (AC +5).
Your body does not fit into most forms of armour.
You are cold-blooded and may be slowed by cold attacks.


Message History

You blink.
You feel slightly more hungry.
A fire bat comes into view.
The smoke demon gestures at you.
The sticky flame misses you. 2 fire bats come into view.
The fire bat moves out of view.
The fire bat bites you.
You are engulfed in flames!
The fire bat bites you but does no damage.
The fire bat closely misses you.
A fire bat comes into view.
The fire bat bites you but does no damage. x2
The fire bat bites you but does no damage.
The fire bat bites you.
You are engulfed in flames.
The smoke demon gestures at you. Something smites you!
* * * LOW HITPOINT WARNING * * *
You fail to use your ability.
The fire bat bites you.
* * * LOW HITPOINT WARNING * * *
You are engulfed in flames!
You die...

# ## .##.. ..#.
##... #.#.##
##..@# #.bbb# #
##.#b# ...
♣.♣..##..# ♣♣♣
♣♣ ♣.♣♣3....#
#.###. ♣...♣#
#..# #...
♣......#.# ..
#.....♣.♣♣...#.
#...#♣♣
♣♣♣.#bb.


You could see a smoke demon and 4 fire bats.

Vanquished Creatures
  A scorpion (D:3)
  Ijyb (D:3)
  A worker ant (D:3)
  5 adders
  An ooze (D:3)
  A worm (D:3)
  2 giant geckos
  2 orcs (D:3)
  9 bats
  A bat zombie (D:1)
  4 giant cockroaches
  9 goblins
  4 hobgoblins
  2 quokkas
  A ball python (D:1)
  A giant cockroach zombie (D:1)
  4 giant newts
  14 jackals
  6 kobolds
  7 rats
76 creatures vanquished.

Notes
Turn   | Place    | Note
--------------------------------------------------------------
     0 | D:1      | Lastar the Draconian Fire Elementalist began the quest for the Orb.
     0 | D:1      | Reached XP level 1. HP: 14/14 MP: 3/3
   458 | D:1      | Reached XP level 2. HP: 11/20 MP: 5/5
  1237 | D:1      | Learned a level 2 spell: Throw Flame
  2189 | D:2      | Reached XP level 3. HP: 26/26 MP: 3/6
  2515 | D:2      | Found a blossoming altar of Fedhas.
  2980 | D:2      | Reached skill level 1 in Fighting
  3510 | D:2      | Reached XP level 4. HP: 35/35 MP: 0/7
  3780 | D:3      | Reached skill level 4 in Fire Magic
  4166 | D:3      | Noticed Ijyb
  4209 | D:3      | Killed Ijyb
  4230 | D:3      | Reached XP level 5. HP: 4/40 MP: 4/9
  5444 | D:4      | Noticed cada's ghost (novice FoFi)
  5704 | D:4      | Noticed Crazy Yiuf
  5707 | D:4      | Cast into the Abyss (Crazy Yiuf)
  5726 | Abyss:1  | Got a heavily runed wooden ring
  5739 | Abyss:1  | Noticed a smoke demon
  5740 | Abyss:1  | Identified the ring of Jogosh {*Drain +Blink rN+ MP+9 AC+1} (You found it on level 1 of the Abyss)
  5745 | Abyss:1  | Noticed a fire bat
  5747 | Abyss:1  | Noticed a fire bat
  5747 | Abyss:1  | Noticed a fire bat
  5749 | Abyss:1  | Noticed a fire bat
  5751 | Abyss:1  | Slain by a fire bat

Action                   |  1- 3 |  4- 6 || total
-------------------------+-------+-------++-------
Melee: Unarmed           |    35 |       ||    35
       Mace              |   129 |    85 ||   214
 Cast: Flame Tongue      |     2 |       ||     2
       Throw Flame       |    20 |    56 ||    76
 Abil: Evoke Blink       |       |     2 ||     2
  Use: Scroll            |     2 |     6 ||     8
       Potion            |       |     4 ||     4
  Eat: Chunk             |     6 |     7 ||    13
       Fruit             |     2 |       ||     2
       Bread ration      |     1 |     1 ||     2
